 Dungeon Crawl Stone Soup version 0.31-a0-806-g0bc164a743 (webtiles) character file.

Game seed: 5809147216289259998

663 LustLizard the Firebug (level 7, 0/63 HPs)
             Began as a Gargoyle Fire Elementalist on Sept 21, 2023.
             Slain by Pikel
             ... wielding a +2 whip of electrocution
              (7 damage)
             ... on level 5 of the Dungeon.
             The game lasted 00:15:51 (7002 turns).

LustLizard the Firebug (Gargoyle Fire Elementalist) Turns: 7002, Time: 00:15:52

Health: 0/63       AC:  7    Str: 14    XL:     7   Next: 56%
Magic:  2/12       EV: 11    Int: 15    God:
Gold:   290        SH:  0    Dex: 10    Spells: 10/13 levels left

rFire   . . .        h - +0 whip
rCold   . . .        (no shield)
rNeg    + . .        a - +0 robe
rPois   ∞            (no helmet)
rElec   +            (no cloak)
rCorr   .            c - +0 pair of gloves
SInv    .            (no boots)
Will    .....        (no amulet) Stlth
                     (no ring)
HPRegen 0.30/turn    (no ring)
MPRegen 0.13/turn

%: no passive effects
@: berserking, very quick
A: sickness immunity, AC +4, negative energy resistance 1, electricity
resistance, torment resistance 1, petrification resistance
a: no special abilities


You were on level 5 of the Dungeon.
You visited 1 branch of the dungeon, and saw 5 of its levels.

You collected 290 gold pieces.

Inventory:

Hand Weapons
 h - a +0 whip (weapon)
Missiles
 s - 2 throwing nets
Armour
 a - a +0 robe (worn)
 c - a +0 pair of gloves (worn)
Wands
 o - a wand of polymorph (2)
 w - a wand of flame (17)
Scrolls
 d - 5 scrolls of poison
 e - a scroll of blinking {unknown}
 i - a scroll of fog {unknown}
 j - a scroll of torment {unknown}
 k - 2 scrolls of vulnerability {unknown}
 l - a scroll of teleportation {unknown}
 m - a scroll of immolation {unknown}
 n - a scroll of brand weapon
 u - a scroll of revelation {unknown}
Potions
 f - a potion of brilliance
 g - 2 potions of enlightenment
 r - a potion of lignification
 t - 2 potions of curing {unknown}
 v - a potion of attraction {unknown}
 x - 2 potions of degeneration {unknown}


   Skills:
 + Level 3.7 Fighting
 - Level 1.5 Dodging
 - Level 4.0 Stealth
 + Level 3.7 Spellcasting
 - Level 1.6 Conjurations
 * Level 6.0 Fire Magic


You had 10 spell levels left.
You knew the following spells:

 Your Spells              Type           Power      Damage    Failure   Level
a - Foxfire               Conj/Fire      56%        2x1d6     3%          1
b - Scorch                Fire           42%        2d6       2%          2

Your spell library contained the following spells:

 Spells                   Type           Power      Damage    Failure   Level
 Inner Flame              Hex/Fire       11%        N/A       16%         3
 Volatile Blastmotes      Fire/Tloc      22%        2d11      16%         3
 Ensorcelled Hibernation  Hex/Ice        4%         N/A       28%         2
 Passwall                 Tmut/Erth      1%         N/A       28%         2
 Flame Wave               Conj/Fire      14%        2d6       36%         4
 Swiftness                Air            2%         N/A       50%         3
 Summon Ice Beast         Ice/Summ       2%         N/A       88%         4
 Summon Mana Viper        Hex/Summ       2%         N/A       99%         5
 Monstrous Menagerie      Summ           1%         N/A       100%        7


Dungeon Overview and Level Annotations

Branches:
Dungeon (5/15)
 Temple: D:4-7

Altars:
Elyvilon
Makhleb
Ru
Uskayaw

Annotations:
D:5 Pikel


Innate Abilities, Weirdness & Mutations

You are immune to sickness and miasma.
Your stone body is resilient. (AC +4)
You are immune to poison.
You resist negative energy. (rN+)
You are resistant to electric shocks. (rElec)
You are resistant to unholy torment.
You are immune to petrification.


Message History

* * * LOW HITPOINT WARNING * * *
You feel much better. Pikel hits you but does no damage.
You are electrocuted!
You miss Pikel.
Pikel is heavily wounded.
Pikel hits you but does no damage.
You are electrocuted!
* * * LOW HITPOINT WARNING * * *
You closely miss Pikel.
Pikel is heavily wounded.
Pikel hits you with a +2 whip of electrocution.
* * * LOW HITPOINT WARNING * * *
Casting: Scorch (safe; 2% risk of failure)
Confirm with . or Enter, or press ? or * to list all spells.
You don't know that spell.
Unknown command.
You feel much better. Pikel hits you but does no damage.
Okay, then.
It was a potion of berserk rage.
A red film seems to cover your vision as you go berserk!
You feel yourself moving faster!
You feel mighty! Pikel hits you but does no damage.
You are electrocuted!
You hit Pikel but do no damage.
Pikel is heavily wounded.
Pikel hits you but does no damage.
You are electrocuted!
* * * LOW HITPOINT WARNING * * *
You hit Pikel.
Pikel is severely wounded.
You feel less wooden.
Your +0 pair of gloves unmelds from your body.
Your +0 robe unmelds from your body.
Pikel closely misses you.
You hit Pikel.
Pikel is severely wounded.
You closely miss Pikel.
Pikel is severely wounded.
Pikel hits you with a +2 whip of electrocution.
* * * LOW HITPOINT WARNING * * *
You hit Pikel.
Pikel is severely wounded.
Pikel hits you with a +2 whip of electrocution!
You die...
Pikel says, "Another soul for the market."

....[.#### ... .#......o)....
...... .. .#....#.###.#.
..######### .. .#......o...o{
....#...... ##.......##.....##
..........# ..#.#.#§.........
..#.#.###.# ##.#...#.#.#...#.#
..+.#.###.# #..........#.#.#..
..#.......# ####5....##.......#
..#.......# #.@K5.........#....
###.###...###
#.##.###.#....#....
#.#~~...~~###.............#....
#.#~..♣..~##..##.....##.......#
#..........#.#..........#.#.#..
#...♣._.♣....##.#...#.#.#...#.#
#............####.#.#..........
###~..♣..~##.#####....##.....##
#~~...~~#......##............


You could see Pikel and 2 lemures.

Vanquished Creatures
  2 lemures (D:5)
  A scorpion (D:4)
  A jelly (D:5)
  3 orc priests (D:3)
  2 iguanas (D:5)
  A sleepcap (D:4)
  Terence (D:2)
  Ijyb (D:5)
  Natasha (thrice) (D:1)
  2 orc wizards (D:5)
  Robin (D:1)
  7 gnolls
  5 adders
  2 worms
  3 dart slugs
  7 orcs
  6 endoplasms
  5 giant cockroaches
  14 goblins
  7 hobgoblins
  5 quokkas
  5 ball pythons
  5 bats
  4 frilled lizards
  10 kobolds
  5 rats
108 creatures vanquished.

Vanquished Creatures (others)
  A dart slug (D:5)
  A quokka (D:5)
  441 foxfires
443 creatures vanquished.

Grand Total: 551 creatures vanquished

Notes
Turn   | Place    | Note
-------+----------+-------------------------------------------
     0 | D:1      | LustLizard the Gargoyle Fire Elementalist began the quest
                  | for the Orb.
     0 | D:1      | Reached XP level 1. HP: 10/10 MP: 3/3
   168 | D:1      | Reached XP level 2. HP: 14/16 MP: 0/5
   327 | D:1      | Learned a level 2 spell: Scorch
   560 | D:1      | Reached skill level 1 in Fighting
   775 | D:1      | Reached XP level 3. HP: 20/20 MP: 0/6
  1436 | D:2      | Noticed Natasha
  1459 | D:1      | Killed Natasha
  1460 | D:1      | Reached XP level 4. HP: 3/25 MP: 0/7
  1565 | D:2      | Noticed Terence
  1569 | D:2      | Killed Terence
  1799 | D:2      | Reached skill level 4 in Fire Magic
  2026 | D:2      | Reached XP level 5. HP: 27/30 MP: 0/8
  2126 | D:2      | Noticed Robin
  2146 | D:1      | Killed Robin
  3017 | D:1      | Noticed Natasha
  3025 | D:1      | Killed Natasha
  3161 | D:1      | Noticed Natasha
  3167 | D:1      | Killed Natasha
  3416 | D:3      | Reached XP level 6. HP: 27/36 MP: 0/10
  3891 | D:3      | Reached skill level 5 in Fire Magic
  4177 | D:3      | Found a sacrificial altar of Ru.
  4622 | D:4      | Reached XP level 7. HP: 41/41 MP: 5/12
  4844 | D:4      | Found a burning altar of Makhleb.
  4905 | D:4      | Found a hide-covered altar of Uskayaw.
  5183 | D:5      | Entered Level 5 of the Dungeon
  5277 | D:5      | Noticed Pikel
  5499 | D:5      | Found a white marble altar of Elyvilon.
  5590 | D:5      | Noticed Ijyb
  5621 | D:5      | Killed Ijyb
  6773 | D:5      | Reached skill level 6 in Fire Magic
  7002 | D:5      | Slain by Pikel

Illustrated notes

Levels and vault maps discovered:
D:1:      grunt_arrival_crossed_arrows, layout_basic
D:2:      layout_rooms, uniq_terence, uniq_natasha, uniq_robin
D:3:      layout_basic, mainiacjoe_overflow_paths
D:4:      layout_rooms, eat_drink_and_be_merry_uskayaw,
          mainiacjoe_overflow_surrounded_room
D:5:      nicolae_cairo_tiling_large_dashed, layout_basic, elyvilon_altar_4,
          mainiacjoe_overflow_divided_tiny, st_stairs_14, uniq_pikel, uniq_ijyb

Skill      XL: |  1  2  3  4  5  6  7 |
---------------+----------------------+-----
Fighting       | 1 2 3 |  3.7
Stealth        | 3 4 |  4.0
Fire Magic     | 4 5 6 |  6.0
Spellcasting   | 3 |  3.7
Dodging        | |  1.5
Conjurations   | |  1.6

Action                     |  1- 3 |  4- 6 |  7- 9 || total
---------------------------+-------+-------+-------++-------
  Melee: Unarmed           |     8 |       |       ||     8
         Whip              |    26 |    27 |    25 ||    78
   Cast: Foxfire           |    60 |   137 |    77 ||   274
         Scorch            |     6 |    19 |    25 ||    50
    Use: Scroll            |     3 |     3 |     1 ||     7
         Potion            |     1 |       |     6 ||     7
   Stab: Sleeping          |       |     1 |       ||     1
 Armour: Robe              |    24 |    20 |    18 ||    62
         Skin              |       |       |    32 ||    32
  Dodge: Dodged            |    33 |    16 |     9 ||    58

Table legend: (Time is in decaauts)
 A = Elapsed time spent in this place.
 B = Non-inter-level travel time spent in this place.
 C = Inter-level travel time spent in this place.
 D = Time resting spent in this place.
 E = Time spent auto-exploring this place.
 F = Levels seen in this place.
 G = Mean time per level.
                   A        B        C        D        E       F      G
               +--------+--------+--------+--------+--------+-----+--------+
         Total |   7016 |   6497 |    519 |    735 |   4731 |   5 | 1403.2 |
       Dungeon |   7016 |   6497 |    519 |    735 |   4731 |   5 | 1403.2 |
               +--------+--------+--------+--------+--------+-----+--------+

Top non-repeatable levels by time:
     D:1: 2050 daAuts
     D:5: 1732 daAuts
     D:3: 1191 daAuts
     D:2: 1155 daAuts
     D:4: 886 daAuts
